[Event "Late-Titled-Tuesday-Blitz-January-30-2024"]
[Site "Chess.com"]
[Date "2024.01.30"]
[Round "4"]
[White "INLOVEWITHF"]
[Black "Hirna2005"]
[Result "1-0"]
[WhiteElo "2595"]
[BlackElo "2280"]
[TimeControl "180+1"]
[EndTime "14:36:39 PST"]
[Termination "INLOVEWITHF won by resignation"]

1. e4 g6 2. d4 Bg7 3. Nc3 d6 4. h4 h5 5. Be3 Nf6 6. f3 a6 7.
Nh3 Bxh3 8. Rxh3 b5 9. Qd2 Nbd7 10. O-O-O Rc8 11. Kb1 c5 12. e5 Nh7 13. exd6 cxd4 14.
dxe7 Qxe7 15. Bxd4 Ne5 16. f4 O-O 17. Nd5 Qe6 18. Bxe5 f6 19. Bc3 Rfd8 20. Rd3 Kf7 21. Re1 Qf5 22. Ne7 Rxd3 23. Bxd3 1-0

[Event "Late-Titled-Tuesday-Blitz-January-30-2024"]
[Site "Chess.com"]
[Date "2024.01.30"]
[Round "4"]
[White "CarlosjPineror"]
[Black "Actuary44"]
[Result "1-0"]
[WhiteElo "2685"]
[BlackElo "2485"]
[TimeControl "180+1"]
[EndTime "14:36:40 PST"]
[Termination "CarlosjPineror won by resignation"]

1. e4 b6 2. d4 Bb7 3. Bd3 e6 4. Nf3 Nf6 5. Qe2 d5 6. e5 Nfd7 7. c3 c5 8. a3 Nc6 9. O-O Qc7 10. b4 c4 11. Bc2 h6 12. h4 O-O-O 13. h5 Re8 14. Bf4 f6 15. Bg3 fxe5 16. Nxe5 Ndxe5 17. dxe5 Be7 18. Nd2 Rhf8 19. Nf3 Bd8 20. Bg6 Re7 21. Rad1 Qb8 22. b5 Na5 23. a4 Bc7 24. Rfe1 Nb3 25.
Nd4 Nc5 26. Qg4 a6 27. Bh4 Ree8 28. Bxe8 Rxe8 29. Qxg7 Nd3 30. Qf7 Nxe1 31. Qxe8+ 1-0

[Event "Late-Titled-Tuesday-Blitz-January-30-2024"]
[Site "Chess.com"]
[Date "2024.01.30"]
[Round "4"]
[White "ccccvhhhj"]
[Black "IlanSchnaider"]
[Result "0-1"]
[WhiteElo "2417"]
[BlackElo "2664"]
[TimeControl "180+1"]
[EndTime "14:36:43 PST"]
[Termination "IlanSchnaider won by resignation"]

1. e4 c5 2. Nf3 d6 3. d4 cxd4 4. Nxd4 Nf6 5. Nc3 a6 6. Rg1 b5 7. g4 Bb7 8. Nd5 Nxe4 9. Nb3 e6 10. Ne3 Qh4 11. Qe2 Qxh2 12. Rg2 Qe5 13. c3 Be7 14. Bd2 Nxd2 15. Qxd2 Bxg2 16. Bxg2 Ra7 17.
O-O-O Nd7 18. Nd4 Rc7 19. Nc6 Qc5 20. Nxe7 Kxe7 21. Re1 Kd8 22. Nc2 Kc8 23. Nd4 Ne5 24.
Qe3 Nc4 25. Qe4 d5 26. Qe2 Nxb2 27. Qxb2 Qxd4 28. Re3 Qc5 29. a4 d4 30. Rd3 dxc3 31. Qb3 Rd8 32. Re3 c2 0-1

[Event "Late-Titled-Tuesday-Blitz-January-30-2024"]
[Site "Chess.com"]
[Date "2024.01.30"]
[Round "4"]
[White "protectiago"]
[Black "Flaccidmoves"]
[Result "0-1"]
[WhiteElo "2069"]
[BlackElo "2457"]
[TimeControl "180+1"]
[EndTime "14:36:46 PST"]
[Termination "Flaccidmoves won by resignation"]

1. d4 Nf6 2. c4 g6 3. Nc3 d5 4. cxd5 Nxd5 5. e4 Nxc3 6. bxc3 Bg7 7. Be3 O-O 8. Rc1 c5 9. Nf3 Bg4 10. Be2 Nc6 11. d5 Bxf3 12. Bxf3 Ne5 13. Be2 c4 14. f4 Nd3+ 15. Bxd3 cxd3 16. Qxd3 Qa5 17. O-O Rac8 18. c4 Qxa2 19. e5 Rfd8 20. Rf2 Qa4 21. Rb2 b6 22.
Rbb1 f6 23. Ra1 Qb4 24. e6 f5 25. Rxa7 Bf6 26. h3 Rd6 27. Bd4 Rxd5 28. Bc3 Qc5+ 0-1

[Event "Late-Titled-Tuesday-Blitz-January-30-2024"]
[Site "Chess.com"]
[Date "2024.01.30"]
[Round "4"]
[White "Kostukov_Alex"]
[Black "yujiarun18"]
[Result "1-0"]
[WhiteElo "2298"]
[BlackElo "2088"]
[TimeControl "180+1"]
[EndTime "14:36:50 PST"]
[Termination "Kostukov_Alex won by resignation"]

1. g3 d5 2. Bg2 Nf6 3. d3 c6 4. e4 dxe4 5. dxe4 e5 6. Qxd8+ Kxd8 7. f3 Kc7 8. Be3 Be6 9. Nd2 Bd6 10. Bh3 Bxh3 11.
Nxh3 Nbd7 12. a4 a5 13. Nc4 Be7 14. Ke2 b5 15. axb5 cxb5 16. Nxa5 Nb6 17. Bxb6+ Kxb6 18. Nb3 Nd7 19. Nf2 Nc5 20. Nxc5 Bxc5 21. Nd3 Bd6 22.
c3 f6 23. f4 exf4 24. gxf4 Rhe8 25. Kf3 Rad8 26. Rad1 Re7 27. Rhe1 Bc7 28. Nb4 Red7 29. Nd5+ Kc6 30. h4 h6 31. h5 Kc5 32. Rd4 Kc6 33. Red1 Bb8 34. Ne7+ Kc7 35. Rxd7+ Rxd7 36. Rxd7+ Kxd7 37. Nf5 Ke6 38. Nxg7+ Kf7 39. Nf5 1-0

[Event "Late-Titled-Tuesday-Blitz-January-30-2024"]
[Site "Chess.com"]
[Date "2024.01.30"]
[Round "4"]
[White "Zura_19"]
[Black "ScarpaChess"]
[Result "1-0"]
[WhiteElo "2540"]
[BlackElo "2343"]
[TimeControl "180+1"]
[EndTime "14:36:53 PST"]
[Termination "Zura_19 won by resignation"]

1. d4 Nf6 2. Bg5 g6 3. Bxf6 exf6 4. c4 Bg7 5. Nc3 O-O 6. g3 f5 7. Bg2 Nc6 8. e3 d6 9. Nge2 Bd7 10. O-O Rb8 11. a3 a6 12. b4 b5 13. Qd3 Ne7 14.
Rfb1 c6 15. a4 bxc4 16. Qxc4 Qb6 17. Nf4 Bh6 18. Nd3 Be6 19. d5 cxd5 20. Nxd5 Bxd5 21. Bxd5 Rbc8 22. Qh4 Bxe3 23. Qxe7 1-0

[Event "Late-Titled-Tuesday-Blitz-January-30-2024"]
[Site "Chess.com"]
[Date "2024.01.30"]
[Round "4"]
[White "Jospem"]
[Black "Doomfist26"]
[Result "1-0"]
[WhiteElo "3059"]
[BlackElo "2616"]
[TimeControl "180+1"]
[EndTime "14:36:57 PST"]
[Termination "Jospem won by resignation"]

1. e4 e6 2. d4 d5 3. exd5 exd5 4. Nf3 Nc6 5. h3 Bd6 6. c4 dxc4 7. Bxc4 Nf6 8. O-O O-O 9. Nc3 h6 10. Qc2 a6 11. a3 b5 12. Ba2 Bb7 13. Re1 Ne7 14.
Ne5 Ned5 15. Ne4 Re8 16. f4 Nxe4 17. Rxe4 Qf6 18. Bd2 Re7 19. Rae1 Rae8 20. b4 Kh8 21. Qd3 Qf5 22. Bb1 Kg8 23. Qg3 Qc8 24. R4e2 Nf6 25. Qh4 Bd5 26. f5 Nd7 27. f6 Nxf6 28. Bxh6 Bxe5 29. dxe5 Nd7 30. Bxg7 1-0

[Event "Late-Titled-Tuesday-Blitz-January-30-2024"]
[Site "Chess.com"]
[Date "2024.01.30"]
[Round "4"]
[White "Burgsvik"]
[Black "AungTZ"]
[Result "1-0"]
[WhiteElo "2282"]
[BlackElo "2066"]
[TimeControl "180+1"]
[EndTime "14:37:00 PST"]
[Termination "Burgsvik won by resignation"]

1. e4 c5 2. Nf3 Nc6 3. d4 cxd4 4. Nxd4 Nf6 5. Nc3 d6 6. Bg5 e6 7. Be2 a6 8. Qd2 h6 9. Bh4 Nxe4 10. Nxe4 Qxh4 11.
Nxc6 Qxe4 12. Nd4 e5 13. Nb3 Be7 14. O-O O-O 15. Bf3 Qh4 16. g3 Qg5 17. Qe2 Rb8 18.
Rad1 Be6 19. c4 f5 20. Nd2 e4 21. Bg2 Bf7 22. f4 Qf6 23. b3 Rbd8 24. g4 g6 25.
gxf5 gxf5 26. Kh1 d5 27. Rg1 Kh7 28. cxd5 Rxd5 29. Nxe4 fxe4 30. Bxe4+ Rf5 31. Qg4 Bh5 32. Bxf5+ Kh8 33. Qxh5 1-0

[Event "Late-Titled-Tuesday-Blitz-January-30-2024"]
[Site "Chess.com"]
[Date "2024.01.30"]
[Round "4"]
[White "Rawnsdale"]
[Black "Beca95"]
[Result "0-1"]
[WhiteElo "2550"]
[BlackElo "2967"]
[TimeControl "180+1"]
[EndTime "14:37:01 PST"]
[Termination "Beca95 won by resignation"]

1. e4 c5 2. Nf3 Nc6 3. d4 cxd4 4. Nxd4 Nf6 5. Nc3 d6 6. Bg5 Bd7 7. Qd2 Rc8 8. O-O-O Nxd4 9. Qxd4 Qa5 10. Bxf6 gxf6 11.
Kb1 Bg7 12. Nd5 Rg8 13. Qd2 Qxd2 14. Rxd2 f5 15. exf5 Bxf5 16. Bd3 Bg6 17. Re1 e6 18. f4 Bxd3 19. Rxd3 Kd7 20. Ne3 Rc6 21. g3 b5 22. f5 Be5 23. Rf1 Ke7 24. Ng2 Rc4 25. Nh4 Rgc8 26. Rd2 Rb4 27. b3 Re4 28. Rdf2 d5 29.
fxe6 fxe6 30. Rf7+ Kd6 31. Rxa7 Re2 32. Ra6+ Rc6 33.
Rxc6+ Kxc6 34. Nf3 Bc3 35. h4 e5 36. Ng5 e4 37.
Nxh7 e3 38. Ng5 Rf2 39. Rh1 e2 40. h5 Rf1+ 0-1

[Event "Late-Titled-Tuesday-Blitz-January-30-2024"]
[Site "Chess.com"]
[Date "2024.01.30"]
[Round "4"]
[White "jamengrand"]
[Black "ImportedItalianMaple"]
[Result "0-1"]
[WhiteElo "2268"]
[BlackElo "2479"]
[TimeControl "180+1"]
[EndTime "14:37:03 PST"]
[Termination "ImportedItalianMaple won by resignation"]

1. e4 g6 2. d4 Bg7 3. Nc3 d5 4. exd5 Nf6 5. Bb5+ Nbd7 6. Nf3 O-O 7. O-O Nb6 8. Ne5 Nbxd5 9. Nxd5 Nxd5 10. c4 Nf6 11.
Ba4 c5 12. dxc5 Ne4 13. Nd3 Bd4 14. Bh6 Bg7 15. Bxg7 Kxg7 16. Re1 Qd4 17. b4 Nc3 18.
Qb3 Qxd3 19. Rxe7 Bf5 20. Rxb7 Nxa4 21. Qxa4 Qxc4 22. Qb3 Qe4 23. Qc3+ Kg8 24. Re1 Qxb7 0-1

[Event "Late-Titled-Tuesday-Blitz-January-30-2024"]
[Site "Chess.com"]
[Date "2024.01.30"]
[Round "4"]
[White "Balla_Tamas"]
[Black "ukchessbomber"]
[Result "0-1"]
[WhiteElo "2406"]
[BlackElo "2612"]
[TimeControl "180+1"]
[EndTime "14:37:04 PST"]
[Termination "ukchessbomber won by resignation"]

1. e4 b6 2. d4 Bb7 3. Bd3 d6 4. Nf3 Nd7 5. c3 e5 6. O-O Ngf6 7. Re1 g6 8. Bg5 Bg7 9. Nbd2 O-O 10. Qe2 h6 11. Bh4 a6 12. Bc2 c5 13. dxe5 dxe5 14. Nc4 Qe7 15. Rad1 b5 16. Ne3 Qe6 17. Nd5 Nxd5 18.
exd5 Bxd5 19. Bg3 Bxa2 20. Be4 Rad8 21. b4 f5 22. Bc2 Bc4 23. Qd2 e4 24. bxc5 Nxc5 25.
Qxd8 Rxd8 26. Rxd8+ Kh7 27. Nd4 Qf6 28. Ra8 f4 29.
Bxe4 Nxe4 30. Rxe4 fxg3 31. Ree8 Qxf2+ 0-1

[Event "Late-Titled-Tuesday-Blitz-January-30-2024"]
[Site "Chess.com"]
[Date "2024.01.30"]
[Round "4"]
[White "Mazetovic"]
[Black "HansOnTwitch"]
[Result "0-1"]
[WhiteElo "2612"]
[BlackElo "3205"]
[TimeControl "180+1"]
[EndTime "14:37:05 PST"]
[Termination "HansOnTwitch won by resignation"]

1. e4 c6 2. Nf3 d5 3. Nc3 Bg4 4. h3 Bxf3 5. Qxf3 e6 6. d4 Nf6 7.
Bd3 dxe4 8. Nxe4 Qxd4 9. c3 Qd8 10. O-O Nbd7 11. Rd1 Be7 12. Bc2 Nxe4 13. Qxe4 Qa5 14. b4 Qh5 15. b5 Nf6 16. Qe3 cxb5 17. g4 Qc5 18. Qf3 Qc6 19. Qg3 h5 20. g5 h4 21. Qe3 Nd5 22. Qe1 Qxc3 23. Qe4 Rc8 24. Bd3 Qxa1 25. g6 Qf6 26. Bxb5+ Kf8 27.
gxf7 Rxc1 28. Rxc1 Qg5+ 29. Kh2 Bd6+ 30. f4 Qxf4+ 31.
Qxf4 Bxf4+ 0-1

[Event "Late-Titled-Tuesday-Blitz-January-30-2024"]
[Site "Chess.com"]
[Date "2024.01.30"]
[Round "4"]
[White "GMAkobianSTL"]
[Black "valeriocarnicelli"]
[Result "1-0"]
[WhiteElo "2724"]
[BlackElo "2539"]
[TimeControl "180+1"]
[EndTime "14:37:05 PST"]
[Termination "GMAkobianSTL won on time"]

1. d4 Nf6 2. c4 c5 3. d5 b5 4. Nf3 bxc4 5. Nc3 g6 6. e4 d6 7. Bxc4 Bg7 8. e5 dxe5 9. Nxe5 O-O 10. O-O Ne8 11. Re1 Nd6 12. Bb3 Bb7 13. Bf4 Re8 14.
Qd3 Qb6 15. Rad1 a5 16. Nc4 Nxc4 17. Bxc4 Nd7 18. b3 Qf6 19. Bd2 Ne5 20. Qe2 Nxc4 21. bxc4 a4 22. Ne4 Qb6 23. Rb1 Qc7 24. Bc3 Bxc3 25.
Nxc3 e6 26. Nb5 Qd7 27. d6 Qc6 28. f3 Red8 29. Qe5 Rd7 30. Nc3 Qa6 31. Nb5 Qc6 32.
h4 a3 33. h5 Rf8 34. Qf6 gxh5 35. Re5 h6 36. Rxh5 1-0

[Event "Late-Titled-Tuesday-Blitz-January-30-2024"]
[Site "Chess.com"]
[Date "2024.01.30"]
[Round "4"]
[White "only_strong_moves"]
[Black "Rafael_Ventura"]
[Result "1-0"]
[WhiteElo "2546"]
[BlackElo "2377"]
[TimeControl "180+1"]
[EndTime "14:37:06 PST"]
[Termination "only_strong_moves won by checkmate"]

1. d4 Nf6 2. c4 e6 3. Nf3 d5 4.
Nc3 Bb4 5. cxd5 exd5 6. Bg5 h6 7.
Bh4 g5 8. Bg3 Ne4 9. Nd2 Bf5 10.
e3 Qe7 11. Nxd5 Bxd2+ 12. Qxd2 Qd8 13. Nxc7+ Kd7 14. Qa5 Nxg3 15. hxg3 Bg6 16. Bb5+ Nc6 17. d5 Qxc7 18. dxc6+ bxc6 19. O-O-O+ Kc8 20. Ba6+ Kb8 21. Qb4+ Qb6 22. Qd6+ Qc7 23. Qf6 Re8 24. Rd6 Qa5 25. Rxc6 Qa4 26. Qd6# 1-0

[Event "Late-Titled-Tuesday-Blitz-January-30-2024"]
[Site "Chess.com"]
[Date "2024.01.30"]
[Round "4"]
[White "ahmedkandiliii"]
[Black "snowlord"]
[Result "0-1"]
[WhiteElo "2425"]
[BlackElo "2871"]
[TimeControl "180+1"]
[EndTime "14:37:07 PST"]
[Termination "snowlord won by resignation"]

1. e4 e6 2. Nf3 d5 3. exd5 exd5 4.
d4 Nc6 5. h3 Bd6 6. c4 Nf6 7.
c5 Be7 8. Nc3 Ne4 9. Bd3 f5 10.
O-O Be6 11. Re1 O-O 12. a3 a6 13. b4 Nxc3 14. Qc2 Ne4 15. Bf4 Bf6 16. Ne5 Nxd4 17. Qd1 Nc6 18. Nxc6 bxc6 19. Rc1 g5 20. Bh2 Qd7 21.
f3 Bd4+ 22. Kf1 Nf2 23. Qe2 Nxd3 24. Qxd3 Bg7 25. Bxc7 g4 26. Bd6 Rf7 27. a4 gxh3 28. gxh3 f4 29. b5 Bxh3+ 30. Kg1 axb5 31. axb5 Ra2 32. bxc6 Qxc6 33. Rb1 Ra8 34. Rb6 Qa4 35. Qxd5 Qc2 36. Qg5 h6 0-1

[Event "Late-Titled-Tuesday-Blitz-January-30-2024"]
[Site "Chess.com"]
[Date "2024.01.30"]
[Round "4"]
[White "Eloist"]
[Black "ElCoachRene"]
[Result "0-1"]
[WhiteElo "2424"]
[BlackElo "1973"]
[TimeControl "180+1"]
[EndTime "14:37:08 PST"]
[Termination "ElCoachRene won by checkmate"]

1. e4 Nc6 2. Nf3 d5 3. exd5 Qxd5 4. Nc3 Qa5 5. Bb5 Bg4 6. h3 Bd7 7. O-O a6 8. Bc4 e6 9. d4 Nf6 10. d5 exd5 11. Nxd5 O-O-O 12. Nxf6 gxf6 13. Bd2 Qh5 14. Nh2 Qg6 15. Bd3 Bf5 16. Bxf5+ Qxf5 17. Qe2 Rg8 18. Bc3 Bd6 19. Ng4 h5 20. Nxf6 Qxh3 21. f4 Bc5+ 22.
Rf2 Qxg2# 0-1

[Event "Late-Titled-Tuesday-Blitz-January-30-2024"]
[Site "Chess.com"]
[Date "2024.01.30"]
[Round "4"]
[White "LevonAronian"]
[Black "Alexei_Gubajdullin"]
[Result "1-0"]
[WhiteElo "3094"]
[BlackElo "2618"]
[TimeControl "180+1"]
[EndTime "14:37:14 PST"]
[Termination "LevonAronian won by resignation"]

1. e4 e5 2. Bc4 Nf6 3. d3 c6 4. Bb3 d5 5. exd5 cxd5 6. Ne2 Bb4+ 7. c3 Bd6 8. Bg5 Be6 9. d4 h6 10. Bh4 e4 11. Nd2 Nc6 12. Nf1 g5 13. Bg3 Ne7 14.
Ne3 Kf8 15. O-O h5 16. Be5 Bxe5 17. dxe5 Ng4 18. Nd4 Nxe5 19. f3 exf3 20. Nxf3 Qb6 21. Nd4 Kg7 22. Kh1 Ng4 23. Qd2 Qd6 24. Nxe6+ fxe6 25.
Nxg4 hxg4 26. Qxg5+ Ng6 27. Qf6+ Kh6 28. Bc2 Rhg8 29.
Rf5 Qe7 30. Rh5+ Kxh5 31. Bxg6+ Rxg6 32. Qxe7 1-0

[Event "Late-Titled-Tuesday-Blitz-January-30-2024"]
[Site "Chess.com"]
[Date "2024.01.30"]
[Round "4"]
[White "Bkmzzzzz"]
[Black "aistrel"]
[Result "0-1"]
[WhiteElo "2340"]
[BlackElo "2532"]
[TimeControl "180+1"]
[EndTime "14:37:14 PST"]
[Termination "aistrel won on time"]

1. e4 c6 2. d4 d5 3. Nc3 dxe4 4. Nxe4 Nf6 5. Nxf6+ exf6 6. c3 Bd6 7. Bd3 Na6 8. Qc2 Nc7 9. Ne2 Nd5 10. Bd2 Bg4 11. O-O-O g6 12. f3 Be6 13. h4 h5 14. Kb1 Kf8 15. Rde1 Kg7 16. Nc1 Nf4 17. Bxf4 Bxf4 18. Bxg6 Bxa2+ 19. Nxa2 fxg6 20. Re4 Bd6 21. Rhe1 Qd7 22. Nc1 Rae8 23. Nd3 Re7 24. Rxe7+ Bxe7 25.
Nf4 f5 26. Ne6+ Kh7 27. Qb3 Re8 28. Nc7 Rf8 29. Qxb7 Bd6 30. d5 Rf7 31. Qxc6 Qxc6 32. dxc6 Rxc7 33. Re6 Rxc6 34. c4 Rb6 35. Kc2 Bc5 36. Re5 Rc6 37. Kc3 Rc7 38. b4 Bf2 0-1

[Event "Late-Titled-Tuesday-Blitz-January-30-2024"]
[Site "Chess.com"]
[Date "2024.01.30"]
[Round "4"]
[White "DonJuanEGenaro"]
[Black "Fernando_Offermann"]
[Result "0-1"]
[WhiteElo "2011"]
[BlackElo "2443"]
[TimeControl "180+1"]
[EndTime "14:37:15 PST"]
[Termination "Fernando_Offermann won on time"]

1. Nf3 c5 2. c3 d5 3. d4 Qc7 4.
Na3 a6 5. g3 e6 6. Bg2 Nf6 7.
O-O Be7 8. Nc2 O-O 9. Bf4 Qb6 10.
b3 Ne4 11. Bd2 Nd7 12. Nfe1 Ndf6 13. f3 Nxd2 14. Qxd2 Bd7 15. Nd3 cxd4 16. cxd4 Rfc8 17. Ne5 Be8 18. Kh1 Rc7 19. Rfc1 Rac8 20. e3 a5 21. Ne1 Ba3 22. Rxc7 Qxc7 23. Qd3 h6 24. g4 Qb6 25. Rd1 Bb5 26. Qd2 Bb4 27. Qb2 Qd6 28. a4 Ba6 29. N1d3 Bc3 30. Qc2 Rc7 31. Rc1 Ne8 32. Nc5 Bb4 33.
Qf2 Bxc5 34. dxc5 Qxe5 35. f4 Qf6 36. h4 Qe7 37. e4 dxe4 38. Bxe4 Nd6 39. Bd3 Bxd3 0-1

[Event "Late-Titled-Tuesday-Blitz-January-30-2024"]
[Site "Chess.com"]
[Date "2024.01.30"]
[Round "4"]
[White "Defend1r"]
[Black "RianKapriaga"]
[Result "1-0"]
[WhiteElo "2533"]
[BlackElo "2348"]
[TimeControl "180+1"]
[EndTime "14:37:19 PST"]
[Termination "Defend1r won on time"]

1. e4 c6 2. d4 d5 3. e5 Bf5 4. h4 h5 5. Bd3 Bxd3 6. Qxd3 e6 7.
Bg5 Qa5+ 8. Nd2 Qa6 9. c4 Nd7 10. b3 Bb4 11. Nf3 Bxd2+ 12. Nxd2 Nh6 13. Bxh6 Rxh6 14. O-O Rg6 15. a4 Rd8 16. a5 dxc4 17. Nxc4 Kf8 18. Qf3 Rg4 19. g3 g6 20. Rfe1 Rxd4 21.
Rad1 Rd5 22. Qf4 Kg7 23. Nd6 Rf8 24. Rxd5 cxd5 25. Rc1 Qxa5 26. Nxb7 Qb6 27. Nd6 Qxb3 28. Rc7 Qd1+ 29. Kh2 Nxe5 30. Qxe5+ Kg8 31. Qf6 1-0

[Event "Late-Titled-Tuesday-Blitz-January-30-2024"]
[Site "Chess.com"]
[Date "2024.01.30"]
[Round "4"]
[White "santosalberto1987"]
[Black "The_Machine04"]
[Result "0-1"]
[WhiteElo "2529"]
[BlackElo "2719"]
[TimeControl "180+1"]
[EndTime "14:37:20 PST"]
[Termination "The_Machine04 won by resignation"]

1. e4 d6 2. d4 Nf6 3. Nc3 e5 4. Nf3 Nbd7 5. Bc4 Be7 6. O-O c6 7. a4 h6 8. h3 Qc7 9. Re1 Nf8 10. Be3 g5 11. Nd2 Ng6 12. Nf1 g4 13. hxg4 Bxg4 14. f3 Be6 15. Bxe6 fxe6 16. dxe5 dxe5 17. a5 h5 18. Na4 h4 19. Nc5 Kf7 20. Qe2 Nh5 21. Qc4 Ngf4 22. Nh2 Rag8 23. Ng4 h3 24. g3 Nxg3 25. Bxf4 Bxc5+ 26. Qxc5 exf4 27. Rad1 h2+ 28. Kg2 h1=Q+ 29. Rxh1 Nxh1 30. Rxh1 Rxh1 31. Kxh1 Qe7 32. Qh5+ Kf8 33. e5 Qg7 0-1

[Event "Late-Titled-Tuesday-Blitz-January-30-2024"]
[Site "Chess.com"]
[Date "2024.01.30"]
[Round "4"]
[White "GMthekingindian"]
[Black "ozates"]
[Result "0-1"]
[WhiteElo "2411"]
[BlackElo "2631"]
[TimeControl "180+1"]
[EndTime "14:37:21 PST"]
[Termination "ozates won by resignation"]

1. e4 g6 2. d4 Bg7 3. Nc3 d6 4.
Nf3 a6 5. a4 e6 6. Bd3 Ne7 7.
h4 h6 8. e5 Nd7 9. Qe2 dxe5 10. Nxe5 O-O 11. Bf4 Nxe5 12. Bxe5 Nc6 13. O-O-O Nxd4 14.
Bxd4 Qxd4 15. h5 Qf4+ 16. Kb1 g5 17. g3 Qb4 18. Qe4 Qxe4 19. Nxe4 b5 20. axb5 axb5 21. f4 g4 22. Nc5 Re8 23. Bxb5 Rf8 24. Nb3 Bb7 25. Rhe1 Bd5 26. c4 Bf3 27. Rd2 c6 28.
Bxc6 Bxc6 29. Nd4 Rfd8 30. Red1 Be4+ 31. Nc2 Rdb8 0-1

[Event "Late-Titled-Tuesday-Blitz-January-30-2024"]
[Site "Chess.com"]
[Date "2024.01.30"]
[Round "4"]
[White "reevecanada"]
[Black "MaxLeto"]
[Result "1-0"]
[WhiteElo "2609"]
[BlackElo "2405"]
[TimeControl "180+1"]
[EndTime "14:37:22 PST"]
[Termination "reevecanada won by checkmate"]

1. e4 c5 2. Nf3 d6 3. Bb5+ Nd7 4. d4 cxd4 5. Nxd4 Nf6 6. O-O a6 7. Bd3 e5 8. Nf5 Nc5 9. Nc3 Bxf5 10. exf5 d5 11. Bg5 d4 12. Bxf6 gxf6 13. Ne4 Qb6 14. b4 Nxe4 15. Bxe4 Rc8 16. Rb1 Rc3 17. a4 Bxb4 18.
Qg4 Kf8 19. Qh5 a5 20. Qh6+ Ke7 21. Qg7 Rcc8 22. Bd5 Rcf8 23. Rbe1 h5 24. Re4 Bd2 25. Bxf7 Bh6 26. Qg6 Rxf7 27. Rxe5+ Kf8 28. Rfe1 Qd8 29. Re6 Bg5 30. g3 h4 31. f4 hxg3 32. hxg3 Bxf4 33.
gxf4 d3 34. cxd3 Qd4+ 35. Kg2 Qb2+ 36. R1e2 Rg7 37. Re8# 1-0

[Event "Late-Titled-Tuesday-Blitz-January-30-2024"]
[Site "Chess.com"]
[Date "2024.01.30"]
[Round "4"]
[White "Doudou2015"]
[Black "j_coca"]
[Result "0-1"]
[WhiteElo "2205"]
[BlackElo "2488"]
[TimeControl "180+1"]
[EndTime "14:37:22 PST"]
[Termination "j_coca won on time"]

1. b3 Nf6 2. Bb2 g6 3. Bxf6 exf6 4. c4 Bg7 5. Nc3 O-O 6. g3 f5 7. Bg2 d6 8. e3 Nd7 9. Nge2 Ne5 10. d4 Ng4 11. O-O c6 12. Qc2 Qe7 13. Rad1 Bd7 14.
h3 Nf6 15. Nf4 Rae8 16. d5 c5 17. h4 Ng4 18. Rfe1 h6 19. a4 g5 20. hxg5 hxg5 21.
Nh5 Be5 22. Nb5 a6 23. f3 Nxe3 24. Rxe3 axb5 25. Kf1 Qd8 26. axb5 f6 27. Bh3 Qc8 28. f4 Bd4 29. Rxe8 Qxe8 30. Rxd4 cxd4 31. Bxf5 Qxh5 32.
Bxd7 Qf3+ 33. Kg1 Qxg3+ 34. Kh1 Kg7 0-1

[Event "Late-Titled-Tuesday-Blitz-January-30-2024"]
[Site "Chess.com"]
[Date "2024.01.30"]
[Round "4"]
[White "ValeriyGrinev"]
[Black "js20000"]
[Result "1-0"]
[WhiteElo "2564"]
[BlackElo "2755"]
[TimeControl "180+1"]
[EndTime "14:37:26 PST"]
[Termination "ValeriyGrinev won by resignation"]

1. e4 c6 2. d4 d5 3. e5 Bf5 4.
Nf3 e6 5. Be2 Bg4 6. O-O c5 7.
dxc5 Nc6 8. c4 dxc4 9. Qa4 Bxc5 10. Qxc4 Bxf3 11. Bxf3 Qd4 12. Qb5 Ne7 13. Be3 Qxe5 14. Qxc5 Qxb2 15. Nc3 Qb6 16. Qxb6 axb6 17. Bxb6 O-O 18.
a4 Rfc8 19. Nb5 Ra6 20. a5 Raa8 21. Rfd1 Kf8 22. g3 h6 23. h4 g6 24. Kg2 h5 25.
Nd6 Rcb8 26. Ne4 Nd5 27. Nc5 Ne5 28. Bxd5 exd5 29. f4 Nc4 30. Nd7+ 1-0

[Event "Late-Titled-Tuesday-Blitz-January-30-2024"]
[Site "Chess.com"]
[Date "2024.01.30"]
[Round "4"]
[White "temus_galaktionov"]
[Black "Azerichess"]
[Result "1/2-1/2"]
[WhiteElo "2880"]
[BlackElo "3075"]
[TimeControl "180+1"]
[EndTime "14:37:28 PST"]
[Termination "Game drawn by repetition"]

1. d4 Nf6 2. Nf3 g6 3. c4 Bg7 4. Nc3 d5 5. cxd5 Nxd5 6. e4 Nxc3 7. bxc3 O-O 8. Be3 c5 9. Qd2 Bg4 10. Be2 Qa5 11. Rc1 Nd7 12. h3 Bxf3 13. Bxf3 Rfd8 14. d5 b5 15. O-O Rac8 16. Be2 Nb6 17. Bg5 Rd7 18.
Bg4 e6 19. Qe2 Re8 20. dxe6 fxe6 21. Rfd1 Rxd1+ 22. Rxd1 Nc4 23. Bxe6+ Rxe6 24. Rd8+ Kf7 25. Rd7+ Kg8 26. Rd8+ Kf7 27. Rd7+ Kg8 28. Rd8+ 1/2-1/2

[Event "Late-Titled-Tuesday-Blitz-January-30-2024"]
[Site "Chess.com"]
[Date "2024.01.30"]
[Round "4"]
[White "Lion-Al-Messi"]
[Black "dmitrijiIM"]
[Result "0-1"]
[WhiteElo "2598"]
[BlackElo "2898"]
[TimeControl "180+1"]
[EndTime "14:37:29 PST"]
[Termination "dmitrijiIM won by checkmate"]

1. e4 c5 2. Nf3 Nc6 3. d4 cxd4 4. Nxd4 e6 5. Nc3 a6 6. Be3 Qc7 7. Qd2 Nf6 8. O-O-O b5 9. Nxc6 Qxc6 10. Bd4 b4 11. Bxf6 gxf6 12. Ne2 Qxe4 13. Ng3 Qc6 14. Be2 Bb7 15. Bf3 d5 16. Bh5 Qc7 17. Qd4 Rc8 18. Qd3 Qc4 19. Rhe1 Qxd3 20. Rxd3 Rc6 21. Nf5 Be7 22.
Nh6 Kd7 23. Nxf7 Rhc8 24. Rd2 Bf8 25. f4 a5 26. g4 a4 27. Kb1 b3 28. axb3 axb3 29. cxb3 Bb4 30. Red1 Bxd2 31. Rxd2 Rc1+ 32. Ka2 Ra8# 0-1

[Event "Late-Titled-Tuesday-Blitz-January-30-2024"]
[Site "Chess.com"]
[Date "2024.01.30"]
[Round "4"]
[White "FontVella8"]
[Black "chessisveryfun1264"]
[Result "1/2-1/2"]
[WhiteElo "2743"]
[BlackElo "2554"]
[TimeControl "180+1"]
[EndTime "14:37:29 PST"]
[Termination "Game drawn by repetition"]

1. Nf3 e6 2. b3 Nf6 3. Bb2 b6 4. g3 Bb7 5. Bg2 g6 6. O-O Bg7 7. c4 O-O 8. Nc3 c5 9. Rc1 Nc6 10. e3 d5 11. cxd5 exd5 12. d4 Rc8 13. dxc5 bxc5 14.
Na4 c4 15. bxc4 dxc4 16. Nc5 Qb6 17. Bxf6 Qxc5 18. Bxg7 Kxg7 19. Qc2 Nb4 20. Qc3+ Kg8 21. Rb1 a5 22. a3 Nd5 23. Qd4 Ba6 24. Rfc1 c3 25.
Qh4 c2 26. Ra1 Nxe3 27. Ng5 h5 28. Ne4 Qb6 29. fxe3 Qxe3+ 30. Kh1 Rfd8 31. Rxc2 Rxc2 32. Qxd8+ Kh7 33. Nf6+ Kg7 34. Ne8+ Kh7 35. Nf6+ Kg7 36. Ne8+ Kh7 37. Nf6+ 1/2-1/2

[Event "Late-Titled-Tuesday-Blitz-January-30-2024"]
[Site "Chess.com"]
[Date "2024.01.30"]
[Round "4"]
[White "koziororo"]
[Black "Zhigalko_Sergei"]
[Result "0-1"]
[WhiteElo "2616"]
[BlackElo "2933"]
[TimeControl "180+1"]
[EndTime "14:37:30 PST"]
[Termination "Zhigalko_Sergei won by checkmate"]

1. e4 c5 2. Nf3 Nc6 3. Bb5 Nf6 4. Nc3 Qc7 5. O-O Nd4 6. Bd3 Ng4 7. g3 Nxf3+ 8. Qxf3 Ne5 9. Qe2 c4 10. Nd5 Qc6 11. b4 cxd3 12. cxd3 e6 13. b5 Qd6 14. f4 exd5 15. fxe5 Qxe5 16. Rb1 Bc5+ 17. Kh1 d6 18. d4 Bxd4 19. d3 dxe4 20. Bf4 Qe7 21. Qh5 O-O 22. Rbe1 e3 23. Qd5 Bb6 24. d4 Be6 25. Qe4 Qd7 26. Rxe3 Qxb5 27. Bxd6 Qxf1# 0-1